 Dungeon Crawl Stone Soup version 0.28-a0-1524-ge72afd5fc6 (webtiles) character file.

Game seed: 14336900957699285017

12 murtidash the Sneak (level 2, -1/27 HPs)
             Began as a Hill Orc Delver on Jan 18, 2022.
             Slain by Pargi (5 damage)
             ... in a sewer.
             The game lasted 00:01:03 (762 turns).

murtidash the Sneak (Hill Orc Delver)                Turns: 762, Time: 00:01:03

Health: -1/27      AC:  3    Str: 14    XL:     2   Next: 33%
Magic:  2/2        EV: 11    Int: 10    God:
Gold:   22         SH:  0    Dex: 12    Spells: 1/1 levels left

rFire   . . .      SeeInvis .   a - +0 hand axe
rCold   . . .      Faith    .   (no shield)
rNeg    . . .      Spirit   .   b - +0 leather armour
rPois   .          Reflect  .   (no helmet)
rElec   .          Harm     .   (no cloak)
rCorr   .          Rampage  .   (no gloves)
Will    .....                   (no boots)
Stlth   ++........              (no amulet)
HPRegen 0.09/turn               (no ring)
MPRegen 0.08/turn               (no ring)

@: no status effects
A: no striking features
a: no special abilities


You were in a sewer.
You visited 1 branch of the dungeon, and saw 2 of its levels.
You also visited: Sewer.

You collected 22 gold pieces.

Inventory:

Hand Weapons
 a - a +0 hand axe (weapon)
Armour
 b - a +0 leather armour (worn)
Wands
 g - a wand of digging (3)
Scrolls
 c - a scroll of fog
 d - a scroll of magic mapping {!r}


   Skills:
 + Level 4.1 Fighting
 + Level 3.4 Axes
 - Level 1.5 Dodging
 - Level 4.1 Stealth


You had one spell level left.
You didn't know any spells.
Your spell library was empty.

Dungeon Overview and Level Annotations

Branches:
Dungeon (5/15)              Sewer (1/1)
 Temple: D:4-7

Altars:

Annotations:
D:5 Ijyb Sewer Pargi


Message History

The ball python grabs you. The ball python constricts you.
You hit the ball python but do no damage.
The ball python bites you but does no damage.
The ball python constricts you. The ball python bites you.
* * * LOW HITPOINT WARNING * * *
The ball python constricts you.
You take 2 damage, and have 8/27 hp.
You barely miss the ball python. The ball python barely misses you.
The ball python constricts you.
You slash the ball python!
You kill the ball python!
You start resting.
Health restored: 27
There is a gate leading back out of this place here.
You enter the shallow water.
Moving in this stuff is going to be slow.
A frilled lizard comes into view.
The frilled lizard hisses angrily.
A ball python comes into view.
The ball python hisses angrily.
You slash the frilled lizard!
You kill the frilled lizard!
You barely miss the ball python.
The ball python bites you but does no damage.
The ball python barely misses you.
You hit the ball python but do no damage.
The ball python barely misses you. x2; The ball python misses you.
The ball python grabs you. The ball python constricts you.
You closely miss the ball python. The ball python barely misses you.
The ball python constricts you.
You hit the ball python.
You kill the ball python!
No target in view!
No target in view!
No target in view!
No target in view!
No target in view!
No target in view!
No target in view!
No target in view!
No target in view!
No target in view!
No target in view!
No target in view!
No target in view!
You enter the shallow water.
Moving in this stuff is going to be slow.
You enter the shallow water.
Moving in this stuff is going to be slow.
Why would you want to do that?
You enter the shallow water.
Moving in this stuff is going to be slow.
A frilled lizard comes into view.
The frilled lizard hisses angrily.
Pargi the Meek comes into view.
Pargi shouts!
You feel yourself speed up.
You hit Pargi.
Pargi snarls, "My home!
Leave!"
Pargi bites you. Pargi closely misses you. Pargi barely misses you.
You take 5 damage, and have 22/27 hp.
You closely miss Pargi. Your punch misses Pargi. You hit the frilled lizard.
You kill the frilled lizard!
You hit Pargi. Pargi bites you. Pargi claws you. x2
You take 7 damage, and have 15/27 hp.
MASSIVE DAMAGE!!
You barely miss Pargi. Pargi bites you. Pargi misses you.
Pargi closely misses you.
You take 2 damage, and have 13/27 hp.
You barely miss Pargi. Pargi bites you.
* * * LOW HITPOINT WARNING * * *
Pargi claws you but does no damage. x2
You take 5 damage, and have 8/27 hp.
You aren't carrying any potions.
Okay, then.
Unknown command.
Okay, then.
Unknown command.
You closely miss Pargi. You hit Pargi. Pargi bites you.
* * * LOW HITPOINT WARNING * * *
Pargi claws you.
* * * LOW HITPOINT WARNING * * *
Pargi barely misses you.
You take 7 damage, and have 1/27 hp.
MASSIVE DAMAGE!!
As you read the scroll of fear, it crumbles to dust.
You assume a fearsome visage.
Pargi looks frightened!
You enter the shallow water.
Moving in this stuff is going to be slow.
You enter the shallow water.
Moving in this stuff is going to be slow.
You enter the shallow water.
Moving in this stuff is going to be slow.
You start resting.
Your extra speed is starting to run out.
You start resting.
You feel yourself slow down.
You start resting.
Pargi is nearby!
You barely miss Pargi. Pargi bites you.
You die...

≈≈≈≈≈≈≈≈≈≈≈≈≈≈≈≈≈≈≈≈≈
≈≈≈≈≈≈≈≈≈≈≈≈≈≈≈≈≈≈≈≈≈#
≈≈≈≈≈...≈≈≈≈≈≈≈≈≈≈≈≈≈##
≈≈≈≈.###..≈≈≈≈≈≈≈≈≈≈≈≈#
≈≈. ##.≈≈≈≈≈≈≈≈≈≈≈≈## ≈
##≈≈≈≈≈≈≈≈≈≈≈≈≈#
##.≈≈≈≈≈≈≈≈≈≈≈#
###T≈≈≈≈≈≈≈≈≈#
#@≈≈≈≈≈≈≈≈≈≈#
##.#.≈≈≈≈≈≈##
####.≈≈≈≈≈≈#
##≈≈≈≈≈≈≈≈≈ #∩≈≈≈≈≈≈≈≈≈
#∩≈≈≈≈≈≈≈≈≈ ##≈≈≈≈≈≈≈≈≈
#..≈≈≈≈≈≈# #.≈≈≈≈≈≈##


You could see Pargi.

Vanquished Creatures
  An adder (D:4)
  2 ball pythons (Sewer)
  2 frilled lizards (Sewer)
5 creatures vanquished.

Notes
Turn   | Place    | Note
-------+----------+-------------------------------------------
     0 | D:5      | murtidash the Hill Orc Delver began the quest for the Orb.
     0 | D:5      | Reached XP level 1. HP: 19/19 MP: 1/1
    78 | D:5      | Noticed Ijyb
   121 | D:5      | Noticed an iguana
   186 | D:4      | HP: 3/19 [poisoned by an adder]
   188 | D:4      | Reached skill level 4 in Fighting
   188 | D:4      | Reached skill level 3 in Axes
   188 | D:4      | Reached XP level 2. HP: 3/27 MP: 2/2
   471 | D:4      | Found a glowing drain.
   480 | Sewer    | Entered a sewer
   712 | Sewer    | Noticed Pargi
   721 | Sewer    | HP: 2/27 [Pargi (6)]
   762 | Sewer    | Slain by Pargi

Illustrated notes

Levels and vault maps discovered:
D:4:      nicolae_BIG_FREAKIN_CUBE, layout_cave_pools,
          cheibrodos_sewer_entry_sluice, minmay_splitting_lines, uniq_eustachio
D:5:      layout_loops_ring, serial_shops, kennysheep_mini_moat,
          grunt_ministairs_8, uniq_ijyb
Sewer:    sewer_co_pargi_island

Skill      XL: |  1 |
---------------+----+-----
Fighting       | 4 |  4.1
Axes           | 3 |  3.4
Dodging        | |  1.5
Stealth        | |  4.1

Action                   || total
-------------------------++-------
Melee: Hand axe          ||    27
  Use: Scroll            ||     1
       Potion            ||     1
Armor: Leather armour    ||     9
Dodge: Dodged            ||    25

Table legend: (Time is in decaauts)
 A = Elapsed time spent in this place.
 B = Non-inter-level travel time spent in this place.
 C = Inter-level travel time spent in this place.
 D = Time resting spent in this place.
 E = Time spent auto-exploring this place.
 F = Levels seen in this place.
 G = Mean time per level.
                   A        B        C        D        E       F      G
               +--------+--------+--------+--------+--------+-----+--------+
         Total |    758 |    758 |      0 |    228 |    409 |   3 |  252.7 |
       Dungeon |    482 |    482 |      0 |      0 |    408 |   2 |  241.0 |
         Sewer |    275 |    275 |      0 |    228 |      1 |   1 |  275.0 |
               +--------+--------+--------+--------+--------+-----+--------+

Top non-repeatable levels by time:
     D:4: 305 daAuts
   Sewer: 275 daAuts
     D:5: 177 daAuts

Table legend:
 A = Kills in this place as a percentage of kills in entire the game.
 B = Kills by you in this place as a percentage of kills by you in the entire game.
 C = Kills by friends in this place as a percentage of kills by friends in the entire game.
 D = Other kills in this place as a percentage of other kills in the entire game.
 E = Experience gained in this place as a percentage of experience gained in the entire game.
 F = Experience gained in this place divided by the number of levels of this place that you have seen.
                   A       B       C       D       E      F
               +-------+-------+-------+-------+-------+----------------------
         Total | 100.0 | 100.0 |   N/A |   N/A | 100.0 |   6.0
       Dungeon |  20.0 |  20.0 |   N/A |   N/A |  72.2 |   6.5
         Sewer |  80.0 |  80.0 |   N/A |   N/A |  27.8 |   5.0
               +-------+-------+-------+-------+-------+----------------------
